 Dungeon Crawl Stone Soup version 0.31-a0-1074-g0b22e4e0f1 (webtiles) character file.

Game seed: 8045543876285363374

684 Lobster4 the Mimic (level 7, 0/52 HPs)
             Began as a Merfolk Shapeshifter on Nov 27, 2023.
             Slain by an orc warrior
             ... wielding a +0 dire flail
              (12 damage)
             ... on level 4 of the Dungeon.
             The game lasted 00:09:30 (2898 turns).

Lobster4 the Mimic (Merfolk Shapeshifter)           Turns: 2898, Time: 00:09:30

Health: 0/52       AC:  5    Str: 15    XL:     7   Next: 62%
Magic:  7/7        EV: 11    Int: 11    God:
Gold:   263        SH:  0    Dex: 13    Spells: 6/6 levels left

rFire   . . .        a - +1 dagger (elec)
rCold   . . .        (no shield)
rNeg    . . .        e - +0 ring mail
rPois   .            E - melded +0 helmet
rElec   .            f - melded +2 cloak
rCorr   .            H - melded +1 pair of gloves
SInv    +            (boots currently unavailable)
Will    .....        (no amulet)
Stlth   +            A - ring of see invisible
HPRegen 0.28/turn    (no ring)
MPRegen 0.10/turn

%: no passive effects
@: beast-form
A: beast (slay +4), (nimble swimmer 2), mertail
a: Begin Untransformation


You were on level 4 of the Dungeon.
You were a hulking beast.
You visited 1 branch of the dungeon, and saw 5 of its levels.

You collected 263 gold pieces.

Inventory:

Hand Weapons
 a - a +1 dagger of electrocution (weapon)
 b - a +0 sling
 i - a +2 dagger of venom
 n - a +0 dagger of holy wrath
 x - a +0 trident
 y - a +0 rapier
 z - a +1 short sword of speed
 B - a +0 dagger of freezing
Missiles
 s - 5 poisoned darts (quivered)
 t - 2 curare-tipped darts
Armour
 e - a +0 ring mail (worn)
 f - a +2 cloak (melded)
 E - a +0 helmet (melded)
 H - a +1 pair of gloves (melded)
Jewellery
 A - a ring of see invisible (left hand)
Talismans
 c - a beast talisman (active)
 d - a flux talisman
 u - a blade talisman
Wands
 p - a wand of flame (63)
Scrolls
 j - 2 scrolls of teleportation
 m - a scroll of noise {unknown}
 v - a scroll of torment {unknown}
 C - 5 scrolls of identify {unknown}
 D - a scroll of fog {unknown}
 F - 3 scrolls of immolation {unknown}
Potions
 h - a potion of might {unknown}
 o - 2 potions of haste
 r - a potion of mutation {unknown}
 w - 2 potions of magic {unknown}
 G - a potion of resistance {unknown}


   Skills:
 - Level 3.0 Fighting
 - Level 1.0 Short Blades
 + Level 3.4 Dodging
 + Level 4.6 Unarmed Combat
 + Level 1.2 Evocations
 * Level 8.8 Shapeshifting


You had 6 spell levels left.
You didn't know any spells.
Your spell library contained the following spells:

 Spells                   Type           Power      Damage    Failure   Level
 Summon Small Mammal      Summ           0%         N/A       56%         1
 Sublimation of Blood     Necr           0%         N/A       71%         2
 Call Canine Familiar     Summ           0%         N/A       91%         3
 Summon Guardian Golem    Hex/Summ       0%         N/A       91%         3
 Petrify                  Tmut/Erth      0%         N/A       100%        4
 Irradiate                Conj/Tmut      0%         3d11      100%        5


Dungeon Overview and Level Annotations

Branches:
Dungeon (5/15)
 Temple: D:4-7

Altars:
Cheibriados
The Shining One


Innate Abilities, Weirdness & Mutations

You are a hulking beast.
Your limbs bulge with bestial killing power. (Slay +4)
((You are very nimble when in or above water. (Stealth+, EV+, Speed+++)))
Your lower body shifts to a powerful aquatic tail in water.


Message History

The hound is almost dead.
An orc priest comes into view. It is wielding a +0 hand axe.
The hound bites you.
You closely miss the hound. You punch the hound.
You kill the hound!
Training target 3.0 for Fighting reached!
Your Fighting skill increases to level 3!
The orc priest looks braver for a moment.
The orc completely misses you.
A dart slug comes into view.
You see here a hound corpse.
You puncture the orc!
You kill the orc!
The orc priest looks braver for a moment.
There is a stone staircase leading up here.
The orc warrior hits you with a +0 dire flail!!
You climb upwards.
There is a stone staircase leading down here.
You hit the orc warrior.
The orc warrior is lightly wounded.
The orc warrior barely misses you.
You hit the orc warrior but do no damage.
Lightning courses through the orc warrior!
The orc warrior is severely wounded.
The orc warrior hits you with a +0 dire flail!
You are too injured to fight recklessly!
You hit the orc warrior but do no damage.
The orc warrior is severely wounded.
The orc warrior barely misses you.
You hit the orc warrior but do no damage.
The orc warrior is severely wounded.
The orc warrior closely misses you.
You hit the orc warrior but do no damage.
The orc warrior is severely wounded.
The orc warrior hits you with a +0 dire flail!
* * * LOW HITPOINT WARNING * * *
You hit the orc warrior.
The orc warrior is severely wounded.
The orc warrior hits you with a +0 dire flail!
You die...

..........#..............#
..........#..............#
..........#..............#
.(.#########............##
...# ###....[.....## ####
#....##.###### ##.#####.#
#..# ##.# #### #.## #ho#
...#######.# ##.##
.#....)##..####..#
.#####..........## .#
############ .# ##


You could see an orc warrior.

Vanquished Creatures
  Sigmund (D:3)
  A black bear (D:4)
  An ogre (D:4)
  A howler monkey (D:3)
  A jelly (D:4)
  A hound (D:5)
  3 iguanas (D:4)
  Ijyb (D:4)
  A sleepcap (D:4)
  Robin (D:3)
  3 adders
  A worm (D:2)
  A dart slug (D:2)
  5 orcs
  9 ball pythons
  5 endoplasms
  A giant cockroach (D:2)
  14 goblins
  10 hobgoblins
  8 quokkas
  3 bats
  3 frilled lizards
  8 kobolds
  5 rats
88 creatures vanquished.

Notes
Turn   | Place    | Note
-------+----------+-------------------------------------------
     0 | D:1      | Lobster4 the Merfolk Shapeshifter began the quest for the
                  | Orb.
     0 | D:1      | Reached XP level 1. HP: 15/15 MP: 1/1
   157 | D:1      | Reached XP level 2. HP: 21/21 MP: 2/2
   743 | D:2      | Found a snail-covered altar of Cheibriados.
   760 | D:2      | Reached XP level 3. HP: 27/27 MP: 3/3
   821 | D:2      | Found a faded altar of an unknown god.
  1453 | D:3      | Reached skill level 5 in Shapeshifting
  1521 | D:3      | Reached XP level 4. HP: 30/33 MP: 4/4
  1618 | D:3      | Noticed Sigmund
  1643 | D:3      | Noticed Robin
  1647 | D:3      | Killed Sigmund
  1648 | D:3      | Reached skill level 7 in Shapeshifting
  1648 | D:3      | Reached XP level 5. HP: 38/38 MP: 5/5
  1648 | D:3      | Reached XP level 6. HP: 44/44 MP: 6/6
  1678 | D:3      | Killed Robin
  2232 | D:4      | Reached skill level 8 in Shapeshifting
  2320 | D:4      | Noticed Ijyb
  2347 | D:4      | Killed Ijyb
  2463 | D:4      | Reached XP level 7. HP: 41/51 MP: 7/7
  2661 | D:4      | Found a glowing golden altar of the Shining One.
  2812 | D:4      | Reached skill level 1 in Short Blades
  2812 | D:4      | Reached skill level 1 in Evocations
  2882 | D:5      | Entered Level 5 of the Dungeon
  2898 | D:4      | Slain by an orc warrior

Illustrated notes

Levels and vault maps discovered:
D:1:      heliophobic_arrival_battle_scene, layout_loops_ring,
          minmay_split_cup_small
D:2:      layout_rooms, basic_altar, basic_ecumenical_altar,
          minmay_misc_feat_ornament, kennysheep_pointless_box
D:3:      layout_loops_cross, wad_floor_pattern_1, uniq_sigmund, uniq_robin
D:4:      layout_rooms, tso_metal_star, minmay_diced_spiral, uniq_ijyb
D:5:      layout_loops_ring, nicolae_hepliaklqana_monster_ancestors,
          grunt_temple_overflow_open, chequers_arboretum

Skill      XL: |  1  2  3  4  5  6  7 |
---------------+----------------------+-----
Dodging        | 3 |  3.4
Fighting       | 2 3 |  3.0
Shapeshifting  | 5 7 8 |  8.8
Unarmed Combat | 4 |  4.6
Short Blades   | 1 |  1.0
Evocations     | 1 |  1.2

Action                     |  1- 3 |  4- 6 |  7- 9 || total
---------------------------+-------+-------+-------++-------
  Melee: Unarmed           |    10 |       |       ||    10
         Punch             |     2 |     2 |     1 ||     5
         Dagger            |    56 |    92 |    30 ||   178
         Short sword       |    24 |       |       ||    24
   Fire: Sling             |     7 |    16 |       ||    23
  Throw: Dart              |       |     5 |     1 ||     6
  Evoke: Wand              |       |       |     6 ||     6
    Use: Potion            |       |     6 |       ||     6
         Scroll            |       |     1 |       ||     1
 Armour: Ring mail         |    49 |    40 |    17 ||   106
         Skin              |       |    26 |       ||    26
  Dodge: Dodged            |    43 |    38 |    17 ||    98
   Form: Beast             |     3 |     2 |     1 ||     6
                           |     2 |     2 |     1 ||     5

Table legend: (Time is in decaauts)
 A = Elapsed time spent in this place.
 B = Non-inter-level travel time spent in this place.
 C = Inter-level travel time spent in this place.
 D = Time resting spent in this place.
 E = Time spent auto-exploring this place.
 F = Levels seen in this place.
 G = Mean time per level.
                   A        B        C        D        E       F      G
               +--------+--------+--------+--------+--------+-----+--------+
         Total |   2876 |   2769 |    107 |    169 |   1895 |   5 |  575.2 |
       Dungeon |   2876 |   2769 |    107 |    169 |   1895 |   5 |  575.2 |
               +--------+--------+--------+--------+--------+-----+--------+

Top non-repeatable levels by time:
     D:3: 818 daAuts
     D:4: 770 daAuts
     D:1: 721 daAuts
     D:2: 557 daAuts
     D:5: 9 daAuts
